 Dungeon Crawl Stone Soup version 0.27.0-1-g7a089689b8 (webtiles) character file.

Game seed: 6281490671322379183

14769 Lochraine the Cleaver (level 11, -10/100 HPs)
             Began as a Minotaur Monk on Aug 4, 2021.
             Was an Elder of the Shining One.
             Mangled by a death yak (20 damage)
             ... on level 10 of the Dungeon.
             The game lasted 00:46:34 (15659 turns).

Lochraine the Cleaver (Minotaur Monk)              Turns: 15659, Time: 00:46:35

Health: -10/100    AC: 16    Str: 18    XL:     11   Next: 93%
Magic:  15/15      EV:  7    Int:  7    God:    the Shining One [****..]
Gold:   682        SH:  9    Dex: 14    Spells: 10/10 levels left

rFire    . . .     SeeInvis .   K - +2 war axe
rCold    + . .     Faith    .   (no shield)
rNeg     + + .     Spirit   .   F - +0 plate armour
rPois    .         Reflect  .   H - +1 hat
rElec    .         Harm     .   S - scarf {repulsion}
rCorr    .         Rampage  .   (no gloves)
Will     +....                  (no boots)
Stlth    ..........             D - amulet of magic regeneration
HPRegen  0.26/turn              q - ring of protection from cold
MPRegen  0.39/turn              r - ring of willpower

@: divinely shielded, hasted, glowing, repel missiles, very quick
A: horns 2, retaliatory headbutt
a: Renounce Religion, Divine Shield, Cleansing Flame


You were on level 10 of the Dungeon.
You worshipped the Shining One.
The Shining One was greatly pleased with you.
You visited 2 branches of the dungeon, and saw 12 of its levels.

You collected 682 gold pieces.

Inventory:

Hand Weapons
 a - a +0 hand axe
 y - a +2 whip of freezing
 K - a +2 war axe (weapon)
Missiles
 L - 3 javelins (quivered)
Armour
 b - a +0 chain mail
 t - a +0 cloak
 v - a +2 tower shield
 F - a +0 plate armour (worn)
 H - a +1 hat (worn)
 S - a scarf of repulsion (worn)
Jewellery
 q - a ring of protection from cold (left hand)
 r - a ring of willpower (right hand)
 D - an amulet of magic regeneration (around neck)
 N - a ring of fire
 O - the amulet of the Four Winds {rN+ Will+++ Clar}
   (You took it off a centaur on level 9 of the Dungeon)

   [amulet of nothing]

   rN:        It protects you from negative energy.
   Clar:      It protects you against confusion.
   Will:      It greatly increases your willpower.
Wands
 n - a wand of digging (5)
 w - a wand of charming (2)
 C - a wand of polymorph (10)
 M - a wand of iceblast (6)
 R - a wand of mindburst (7)
Scrolls
 f - 5 scrolls of identify
 h - a scroll of brand weapon {unknown}
 i - a scroll of vulnerability {unknown}
 j - 3 scrolls of immolation
 p - 2 scrolls of fog {unknown}
 s - a scroll of magic mapping
 u - a scroll of fear
 x - a scroll of enchant armour {unknown}
 A - a scroll of noise {unknown}
 I - a scroll of enchant weapon {unknown}
 P - 2 scrolls of torment {unknown}
 Q - 2 scrolls of amnesia {unknown}
Potions
 c - 6 potions of attraction
 d - a potion of brilliance
 e - 2 potions of resistance {unknown}
 g - 3 potions of curing
 k - a potion of haste
 l - 3 potions of degeneration
 o - 2 potions of mutation {unknown}
 z - a potion of might
 B - 2 potions of flight {unknown}
 E - 2 potions of lignification
 G - a potion of berserk rage {unknown}
 J - a potion of heal wounds {unknown}
Miscellaneous
 m - a lightning rod (1/4)


   Skills:
 + Level 10.3 Fighting
 + Level 13.0(13.5) Axes
 + Level 5.9(10.4) Maces & Flails
 + Level 0.9 Throwing
 + Level 11.8 Armour
 - Level 3.8 Dodging
 - Level 1.8 Stealth
 + Level 0.4 Shields
 * Level 7.9 Invocations


You had 10 spell levels left.
You didn't know any spells.
Your spell library contained the following spells:

 Spells                   Type           Power      Damage    Failure   Level
 Summon Small Mammal      Summ           0%         N/A       100%        1
 Slow                     Hex            0%         N/A       100%        2
 Call Canine Familiar     Summ           0%         N/A       100%        3
 Confusing Touch          Hex            0%         N/A       100%        3
 Summon Guardian Golem    Hex/Summ       0%         N/A       100%        3
 Vampiric Draining        Necr           0%         2d6       100%        3


Dungeon Overview and Level Annotations

Branches:
Dungeon (11/15)            Temple (1/1) D:6             Orc (0/2) D:9
   Lair: D:8-11

Altars:
Ashenzari
Cheibriados
Dithmenos
Elyvilon
Fedhas
Gozag
Hepliaklqana
Kikubaaqudgha
Makhleb
Nemelex Xobeh
Okawaru
Qazlal
Ru
Sif Muna
Trog
Uskayaw
Vehumet
Wu Jian
Xom
Yredelemnul
Zin
The Shining One

Shops:
D:8 =

Annotations:
D:6 2 transporters


Innate Abilities, Weirdness & Mutations

You have a pair of horns on your head.
You reflexively headbutt those who attack you in melee.


Message History

You hit the death yak but do no damage. You headbutt the death yak.
The death yak is almost dead.
You hit the death yak but do no damage. The death yak gores you!
The death yak gores you.
Okay, then.
Unknown command.
The death yak snorts and paws the ground.
There is a stone staircase leading up here.
The death yak gores you but does no damage.
You climb upwards.
There is a stone staircase leading down here.
You hit the death yak but do no damage. You headbutt the death yak.
The death yak is lightly wounded.
You hit the death yak but do no damage.
You headbutt the death yak, but do no damage.
The death yak is lightly wounded.
The death yak gores you!
You hit the death yak.
The death yak is lightly wounded.
The death yak gores you!
You hit the death yak.
You headbutt the death yak, but do no damage.
The death yak is lightly wounded.
You block the death yak's attack.
Press: ? - help, v - describe, . - travel The floor.
This square is lit by a halo.
Unknown command.
Unknown command.
You hit the death yak.
The death yak is lightly wounded.
The death yak gores you!
* * * LOW HITPOINT WARNING * * *
As you read the scroll of fear, it crumbles to dust.
You assume a fearsome visage.
The death yak resists with almost no effort.
The death yak gores you!
* * * LOW HITPOINT WARNING * * *
You feel yourself speed up. The death yak gores you!!
You die...

#..#...............#.#.........#
###....#.................#.#.....
####...#.##............###.#.....
.# ##.......(..........#......##.
.######..........................
.#.##...........#................
...>............#.##.............
................#..##....#.......
...............Y@..#.....#.......
........................##.......
................###...####.##..##
................##....##...#.....
...............##................
..............####...............
.................#.............#.
........}....#................###
.............#..............####.


You could see a death yak.

Vanquished Creatures
  A two-headed ogre (D:9)
  A death yak (D:11)
  A catoblepas (D:9)
  Pikel (D:6)
  3 ugly things (D:9)
  A torpor snail (D:9)
  A gargoyle (D:9)
  A komodo dragon (D:9)
  2 trolls (D:9)
  2 hornets (D:9)
  Prince Ribbit (D:7)
  A slime creature (shapeshifter) (D:9)
  A meliai zombie (D:8)
  3 shadows
  A vampire (D:9)
  3 wraiths
  A spriggan (D:8)
  17 yaks
  A basilisk (D:9)
  An acid dragon (D:10)
  4 water moccasins
  6 orc warriors
  2 ice beasts
  A black bear (D:8)
  A sky beast (D:6)
  A necrophage (D:6)
  9 ogres
  6 centaurs
  10 kobold brigands
  A bullfrog (D:7)
  A gnoll sergeant (D:9)
  A scorpion (D:2)
  4 killer bees (D:8)
  4 wights (D:9)
  7 howler monkeys
  A crimson imp (D:9)
  3 centaur zombies
  5 orc priests
  A hound (D:4)
  Crazy Yiuf (D:2)
  A centaur skeleton (D:5)
  2 gnoll shamans
  2 jellies
  A bullfrog skeleton (D:6)
  2 iguanas (D:4)
  6 orc wizards
  2 howler monkey zombies (D:9)
  4 gnolls
  3 adders
  2 white imps
  2 ufetubi
  A worm (D:2)
  6 dart slugs
  20 orcs
  8 endoplasms
  2 giant cockroaches
  8 goblins
  7 hobgoblins
  11 jackals
  35 kobolds
  8 ball pythons
  10 bats
  4 frilled lizards
  4 rats
264 creatures vanquished.

Vanquished Creatures (collateral kills)
  A gnoll sergeant (D:9)
  A white imp (D:6)
  2 orcs (D:9)
4 creatures vanquished.

Vanquished Creatures (others)
  An ogre (D:9)
  2 plants (D:5)
3 creatures vanquished.

Grand Total: 271 creatures vanquished

Notes
Turn   | Place    | Note
-------+----------+-------------------------------------------
     0 | D:1      | Lochraine the Minotaur Monk began the quest for the Orb.
     0 | D:1      | Reached XP level 1. HP: 19/19 MP: 0/0
   168 | D:1      | Reached XP level 2. HP: 27/27 MP: 1/1
   280 | D:1      | Reached skill level 4 in Axes
   480 | D:1      | Reached XP level 3. HP: 30/33 MP: 2/2
  1067 | D:2      | Reached skill level 1 in Armour
  1371 | D:2      | Reached XP level 4. HP: 40/40 MP: 3/3
  1430 | D:2      | Found a runed translucent door.
  1431 | D:2      | Noticed Crazy Yiuf
  1881 | D:2      | Killed Crazy Yiuf
  1882 | D:2      | Reached skill level 5 in Axes
  2109 | D:3      | Noticed a scorpion
  2146 | D:2      | Killed a scorpion
  2147 | D:2      | Reached XP level 5. HP: 47/47 MP: 4/4
  2967 | D:4      | Noticed an ogre
  3009 | D:4      | Reached skill level 6 in Axes
  3393 | D:5      | Entered Level 5 of the Dungeon
  3505 | D:5      | Reached XP level 6. HP: 54/55 MP: 5/5
  3708 | D:5      | Noticed an ice beast
  3768 | D:5      | Killed an ice beast
  3769 | D:5      | Reached skill level 5 in Fighting
  3950 | D:5      | Reached skill level 7 in Axes
  4004 | D:5      | Noticed a water moccasin
  4017 | D:5      | Killed a water moccasin
  4018 | D:5      | Reached XP level 7. HP: 24/61 MP: 6/6
  4217 | D:5      | Found a shadowy altar of Dithmenos.
  4219 | D:5      | Found a shimmering blue altar of Sif Muna.
  4221 | D:5      | Found a glowing golden altar of the Shining One.
  4241 | D:5      | Became a worshipper of the Shining One
  4241 | D:5      | Reached * piety under the Shining One
  4241 | D:5      | Reached ** piety under the Shining One
  4866 | D:4      | Reached skill level 1 in Invocations
  4873 | D:4      | Reached skill level 5 in Armour
  5543 | D:6      | Reached skill level 8 in Axes
  5543 | D:6      | Reached XP level 8. HP: 26/70 MP: 8/8
  5986 | D:6      | Found a transporter.
  6003 | D:6      | Found a transporter.
  6022 | D:6      | Noticed Pikel
  6036 | D:6      | Killed Pikel
  6452 | D:6      | Found a staircase to the Ecumenical Temple.
  6469 | Temple   | Entered the Ecumenical Temple
  6744 | D:7      | Reached skill level 9 in Axes
  7028 | D:7      | Found a white marble altar of Elyvilon.
  7239 | D:7      | Reached XP level 9. HP: 78/78 MP: 10/10
  7271 | D:7      | Reached skill level 1 in Maces & Flails
  7816 | D:7      | Noticed Prince Ribbit
  7824 | D:7      | Killed Prince Ribbit
  8126 | D:8      | Found Ummul's Jewellery Shoppe.
  8698 | D:8      | Reached skill level 5 in Invocations
  8752 | D:8      | Reached *** piety under the Shining One
  9450 | D:9      | Paralysed by a hornet for 1 turns
  9664 | D:9      | Reached skill level 5 in Maces & Flails
  9674 | D:9      | Reached XP level 10. HP: 63/86 MP: 13/13
  9865 | D:9      | Noticed a two-headed ogre
  9877 | D:9      | Killed a two-headed ogre
  9922 | D:9      | Reached skill level 10 in Armour
 10001 | D:9      | HP: 4/88 [poisoned by a kobold brigand]
 10743 | D:9      | Reached skill level 10 in Axes
 11202 | D:9      | Found a staircase to the Orcish Mines.
 12071 | D:9      | Reached **** piety under the Shining One
 12259 | D:9      | Reached skill level 11 in Axes
 12571 | D:9      | Paralysed by a hornet for 2 turns
 12577 | D:9      | Paralysed by a hornet for 3 turns
 12584 | D:9      | Reached XP level 11. HP: 24/97 MP: 13/15
 13199 | D:9      | Noticed a boulder beetle
 13221 | D:9      | a boulder beetle changed into a torpor snail
 13715 | D:9      | Noticed a cyan ugly thing
 13715 | D:9      | Noticed a white ugly thing
 13717 | D:9      | Noticed a cyan ugly thing
 13718 | D:9      | Noticed a catoblepas
 13754 | D:9      | Killed a cyan ugly thing
 13762 | D:9      | Killed a white ugly thing
 13955 | D:9      | Killed a catoblepas
 13964 | D:9      | Killed a cyan ugly thing
 13965 | D:9      | Reached skill level 12 in Axes
 14268 | D:10     | Entered Level 10 of the Dungeon
 14649 | D:11     | Reached skill level 10 in Fighting
 15020 | D:10     | Noticed a two-headed ogre
 15432 | D:11     | Noticed a death yak
 15432 | D:11     | Noticed a death yak
 15603 | D:11     | Noticed a death yak
 15615 | D:11     | Noticed a death yak
 15617 | D:11     | Noticed a death yak
 15623 | D:11     | Noticed a death yak
 15624 | D:11     | Killed a death yak
 15624 | D:11     | Noticed a death yak
 15625 | D:11     | Reached skill level 13 in Axes
 15659 | D:10     | Mangled by a death yak

Illustrated notes

Levels and vault maps discovered:
D:1:      minmay_arrival_semitransparent, layout_basic
D:2:      layout_loops_corners, corexii_shack, chequers_decorated_corner,
          uniq_crazy_yiuf_cottage
D:3:      layout_loops_cross, patterned_corridor
D:4:      layout_gridville
D:5:      layout_loops_cross, gammafunk_temple_overflow_forgotten
D:6:      gammafunk_steamed_eel, layout_basic, temple_hall,
          ebering_dispersal_statue_hall, uniq_pikel
D:7:      layout_basic, mainiacjoe_overflow_paths, hex_medium,
          uniq_prince_ribbit1
D:8:      layout_loops_ring, serial_shops, nicolae_shop_waterfront, the_hattery
D:9:      minmay_the_grid_4x2 [minmay_the_grid_odd_star, minmay_the_grid_mess,
          minmay_the_grid_all_tris, minmay_the_grid_aliased_spiral,
          minmay_the_grid_embedded, minmay_the_grid_tree,
          minmay_the_grid_minigrid_small_alt,
          minmay_the_grid_prize_four_corners], layout_gridville,
          kennysheep_orc_monster_closet_entryway, minmay_fire_ice_demons
D:10:     layout_cave_pools
D:11:     layout_grid_maze, dpeg_lair_monsters
Temple:   hc_temple_tempest_star

Skill      XL: |  1  2  3  4  5  6  7  8  9 10 11 |
---------------+----------------------------------+-----
Axes           | 4 5 6 7 8 9 11 13 | 13.0
Fighting       | 4 5 6 7 9 10 | 10.3
Armour         | 1 2 3 4 5 7 9 10 11 | 11.8
Invocations    | 1 3 5 6 7 |  7.9
Maces & Flails | 5 |  5.9
Throwing       | |  0.9
Dodging        | |  3.8
Stealth        | |  1.8
Shields        | |  0.4

Action                   |  1- 3 |  4- 6 |  7- 9 | 10-12 || total
-------------------------+-------+-------+-------+-------++-------
Melee: Hand axe          |    82 |   113 |   102 |       ||   297
       Headbutt          |    18 |    16 |    63 |    98 ||   195
       Whip              |       |       |   217 |    11 ||   228
       War axe           |       |       |       |   400 ||   400
Throw: Javelin           |       |       |     1 |     9 ||    10
Invok: Divine Shield     |       |       |       |     3 ||     3
Evoke: Wand              |       |     3 |     4 |     4 ||    11
       Lightning rod     |       |       |       |     4 ||     4
  Use: Scroll            |       |     3 |     4 |     9 ||    16
       Potion            |       |     1 |     1 |     6 ||     8
 Stab: Sleeping          |     1 |       |       |       ||     1
Armor: Ring mail         |    25 |    25 |       |       ||    50
       Chain mail        |       |    17 |    85 |       ||   102
       Plate armour      |       |       |    54 |   243 ||   297
Dodge: Dodged            |    72 |    61 |   111 |   133 ||   377
Block: Other             |       |       |       |     9 ||     9
